 Dungeon Crawl Stone Soup version 0.24-a0-181-gd121a6d (webtiles) character file.

Game seed: 3849340571989053638

72 Ijustatesigmund the Magician (level 4, 0/29 HPs)
             Began as an Octopode Wizard on Mar 14, 2019.
             Slain by a gnoll
             ... wielding a +0 spear
              (8 damage)
             ... on level 2 of the Dungeon.
             The game lasted 00:05:35 (2453 turns).

Ijustatesigmund the Magician (Octopode Wizard)      Turns: 2453, Time: 00:05:35

Health: 0/29       AC:  1    Str: 11    XL:     4   Next: 26%
Magic:  1/17       EV: 13    Int: 20    God:
Gold:   118        SH:  0    Dex: 11    Spells: 3/9 levels left

rFire    + . .     SeeInvis .   g - +1 spear
rCold    . . .     Gourm    .   (no shield)
rNeg     . . .     Faith    .   a - +0 hat
rPois    .         Spirit   .   (no amulet)
rElec    .         Reflect  .   f - +5 ring of strength
rCorr    .         Harm     .   k - ring of magical power
MR       .....                  m - ring of protection from fire
Stlth    +++.......             (no ring)
HPRegen  0.09/turn              (no ring)
MPRegen  0.15/turn              (no ring)
                                (no ring)
                                (no ring)

@: very slightly contaminated
A: almost no armour, stealthy swim, amphibious, 8 rings, constrict 8, camouflage
1, gelatinous body 1
a: no special abilities


You were on level 2 of the Dungeon.
You were hungry.

You visited 1 branch of the dungeon, and saw 2 of its levels.

You collected 118 gold pieces.

Inventory:

Hand Weapons
 g - a +1 spear (weapon)
Armour
 a - a +0 hat (worn)
Jewellery
 f - a +5 ring of strength (left tentacle)
 k - a ring of magical power (right tentacle)
 m - a ring of protection from fire (on tentacle)
Scrolls
 d - 2 scrolls of remove curse
 j - a scroll of identify
 l - a scroll of enchant armour {unknown}
Potions
 b - a potion of curing
 e - a potion of resistance {unknown}
 h - a potion of invisibility {unknown}
 i - a potion of might {unknown}
Comestibles
 c - 6 rations


   Skills:
 - Level 2.1 Fighting
 - Level 2.0 Dodging
 - Level 2.6 Stealth
 - Level 3.0 Spellcasting
 + Level 2.5 Conjurations
   Level 1.0 Summonings
 + Level 2.0 Translocations


You had 3 spell levels left.
You knew the following spells:

 Your Spells              Type           Power        Failure   Level  Hunger
a - Magic Dart            Conj           ##..         4%          1    None
b - Blink                 Tloc           N/A          10%         2    ##.....
c - Conjure Flame         Conj/Fire      #.......     26%         3    ###....

Your spell library contained the following spells:

 Spells                   Type           Power        Failure   Level  Hunger
 Call Imp                 Summ           #.......     14%         2    ##.....
 Slow                     Hex            #.......     22%         2    ##.....
 Mephitic Cloud           Conj/Pois/Air  #.......     30%         3    ###....


Dungeon Overview and Level Annotations

Branches:
Dungeon (2/15)

Altars:


Innate Abilities, Weirdness & Mutations

You cannot wear most types of armour.
You are very stealthy in the water. (Stealth+)
You are amphibious.
You can wear up to eight rings at the same time.
You can use your tentacles to constrict eight enemies at once.
Your skin changes colour to match your surroundings (Stealth+).
Your rubbery body absorbs attacks. (AC +1, EV +1)


Message History

You are very lightly contaminated with residual magic.
Your skin glows momentarily.
The gnoll closely misses you.
Casting: Magic Dart (safe; 4% risk of failure)
Confirm with . or Enter, or press ? or * to list all spells.
Aiming: Magic Dart (safe; 4% risk of failure)
Press: ? - help, Shift-Dir - straight line, f/p - gnoll
Aim: a gnoll, wielding a +0 spear (heavily wounded)
The magic dart hits the gnoll.
The gnoll is severely wounded.
The gnoll hits you from afar with a +0 spear.
* * * LOW HITPOINT WARNING * * *
Casting: Magic Dart (safe; 4% risk of failure)
Confirm with . or Enter, or press ? or * to list all spells.
Aiming: Magic Dart (safe; 4% risk of failure)
Press: ? - help, Shift-Dir - straight line, f/p - gnoll
Aim: a gnoll, wielding a +0 spear (severely wounded)
The magic dart hits the gnoll.
The gnoll is almost dead.
The gnoll hits you from afar with a +0 spear!
You die...

#.. ....#..#####..# #.g
####.........# #g.
#.######.## #.g #.# #.#
#.. #.# #.# #gg#####
##.######.### #...g..#
#...........#
##.###.#####.#########.#
#.....gg.@..# #.#
#.###(###############.##
#. #.# #.........#.# #.
#.# #.########.## #. #.#
#.# ### #. #.# #.# #.#
#.# #.# #.#
#.######.#########


You could see 2 gnolls.

Vanquished Creatures
  A gnoll (D:2)
  2 adders (D:2)
  An ooze (D:1)
  A dart slug (D:1)
  A leopard gecko (D:2)
  4 bats
  3 giant cockroaches (D:1)
  9 goblins
  4 hobgoblins
  4 jackals (D:1)
  A ball python (D:2)
  A frilled lizard (D:1)
32 creatures vanquished.

Notes
Turn   | Place    | Note
-------+----------+-------------------------------------------
     0 | D:1      | Ijustatesigmund the Octopode Wizard began the quest for the
                  | Orb.
     0 | D:1      | Reached XP level 1. HP: 11/11 MP: 4/4
   498 | D:1      | Reached skill level 1 in Fighting
   498 | D:1      | Reached XP level 2. HP: 18/18 MP: 1/6
   707 | D:1      | Learned a level 2 spell: Blink
  1058 | D:1      | Reached XP level 3. HP: 23/23 MP: 3/7
  1893 | D:2      | Learned a level 3 spell: Conjure Flame
  2139 | D:2      | Reached XP level 4. HP: 16/29 MP: 3/8
  2453 | D:2      | Slain by a gnoll

Levels and vault maps discovered:
D:1:      evilmike_arrival_crescent, layout_rooms, minmay_misc_feat_square,
          minmay_pentomino_z4
D:2:      layout_loops_ring, first_ration

Skill      XL: |  1  2  3  4 |
---------------+-------------+-----
Fighting       | 1 2 |  2.1
Conjurations   | 2 |  2.5
Translocations | 2 |  2.0
Dodging        | |  2.0
Stealth        | |  2.6
Spellcasting   | |  3.0
Summonings     | |  1.0

Action                   |  1- 3 |  4- 6 || total
-------------------------+-------+-------++-------
Melee: Unarmed           |     1 |       ||     1
       Spear             |    44 |     1 ||    45
       Constrict         |    10 |       ||    10
       Tentacles         |     2 |       ||     2
 Cast: Magic Dart        |    41 |    18 ||    59
       Conjure Flame     |       |     1 ||     1
  Use: Scroll            |     6 |       ||     6
 Stab: Sleeping          |     3 |     1 ||     4
  Eat: Chunk             |     3 |     1 ||     4
Armor: Skin              |     1 |     1 ||     2
Dodge: Dodged            |    31 |     2 ||    33

Table legend:
 A = Non-vault XP
 B = Vault XP
 C = Vault XP percentage of total XP
 D = Non-vault monster count
 E = Vault monster count
 F = Vault count percentage of total count
                 A         B        C        D         E       F
            +---------+---------+-------+---------+---------+-------
      Total |      97 |       7 |   6.7 |      28 |       4 |  12.5
            +---------+---------+-------+---------+---------+-------
        D:1 |      38 |       7 |  15.6 |      16 |       4 |  20.0
        D:2 |      59 |       0 |   0.0 |      12 |       0 |   0.0
            +---------+---------+-------+---------+---------+-------
